 Dungeon Crawl Stone Soup version 0.21.1-1-g345015f (webtiles) character file.

8501 tidbits the Martial Artist (level 11, -5/83 HPs)
             Began as a Gnoll Transmuter on Mar 23, 2018.
             Was a Priest of Cheibriados.
             Slain by a two-headed ogre
             ... wielding a +0 giant club
              (14 damage)
             ... on level 12 of the Dungeon.
             The game lasted 00:36:06 (3068 turns).

tidbits the Martial Artist (Gnoll Transmuter)       Turns: 3068, Time: 00:36:07

Health: -5/83      AC:  6    Str: 18    XL:     11   Next: 31%
Magic:  18/23      EV: 25    Int: 25    God:    Cheibriados [***...]
Gold:   212        SH:  0    Dex: 27    Spells: 10/26 levels left

rFire    . . .     SeeInvis .     - Unarmed
rCold    . . .     Gourm    .   (shield currently unavailable)
rNeg     + . .     Faith    .   N - +1 robe {rN+}
rPois    .         Spirit   .   E - +0 helmet
rElec    .         Reflect  .   (no cloak)
rCorr    .         Harm     .   (gloves currently unavailable)
MR       .....                  (no boots)
Stlth    +++++.....             (no amulet)
HPRegen  0.23/turn              q - ring of stealth
MPRegen  0.18/turn              F - ring of loudness (curse)

@: agile, blade hands, very slow
A: distributed training, fangs 1, iridescent scales 1, mutation resistance 1,
wild magic 1, strong nose
a: End Transformation, Bend Time, Temporal Distortion, Renounce Religion


You were on level 12 of the Dungeon.
You worshipped Cheibriados.
Cheibriados was most pleased with you.
You were hungry.
You had blades for hands.
You visited 1 branch of the dungeon, and saw 13 of its levels.

You collected 443 gold pieces.
You spent 231 gold pieces at shops.

Inventory:

Hand Weapons
 g - a +0 dagger (melded)
 k - a +1 dire flail of protection
   (You took it off Edmund on level 5 of the Dungeon)
 n - a +0 hunting sling
 C - a +0 short sword
 H - a +1 dagger of distortion
   (You took it off Psyche on level 10 of the Dungeon)
 M - a +0 morningstar
 Q - a +0 scimitar
 R - a +4 dagger of protection
   (You took it off a kobold on level 11 of the Dungeon)
Missiles
 a - 20 arrows
 f - a stone
 y - 4 tomahawks (quivered)
 S - 14 bolts
Armour
 B - a +0 robe
 D - a cursed -1 buckler (melded)
 E - a +0 helmet (worn)
 N - a +1 robe of positive energy (worn)
   (You took it off Psyche on level 10 of the Dungeon)
Magical Staves
 L - an uncursed staff of air
   (You found it on level 9 of the Dungeon)
Jewellery
 q - a ring of stealth (left scythe-like blade)
   (You found it on level 4 of the Dungeon)
 F - a cursed ring of loudness (right scythe-like blade)
   (You found it on level 8 of the Dungeon)
 I - an uncursed ring of see invisible
   (You found it on level 5 of the Dungeon)
 K - an uncursed ring of resist corrosion
   (You found it on level 7 of the Dungeon)
Wands
 e - a wand of iceblast (11)
 p - a wand of random effects (31)
Scrolls
 i - a scroll of noise {unknown}
 l - a scroll of random uselessness
 m - a scroll of magic mapping
 o - 3 scrolls of fog
 r - 2 scrolls of remove curse
 A - 2 scrolls of enchant armour {unknown}
 G - 2 scrolls of amnesia {unknown}
 J - a scroll of vulnerability
Potions
 h - 3 potions of magic
 j - 5 potions of curing
 s - a potion of flight {unknown}
 u - a potion of cancellation
 v - a potion of brilliance
 w - 4 potions of lignification
 z - a potion of might
 P - a potion of ambrosia {unknown}
Books
 d - a book of Changes

   Spells                             Type                      Level
   a - Beastly Appendage              Transmutation                1
   b - Sticks to Snakes               Transmutation                2
   c - Spider Form                    Transmutation/Poison         3
   d - Ice Form                       Ice/Transmutation            4
   e - Blade Hands                    Transmutation                5
 x - a book of Cantrips
   (You found it on level 6 of the Dungeon)

   Spells                             Type                      Level
   a - Confusing Touch                Hexes                        1
   b - Animate Skeleton               Necromancy                   1
   c - Summon Small Mammal            Summoning                    1
   d - Apportation                    Translocation                1
Comestibles
 c - 11 rations


   Skills:
 + Level 6.6 Fighting
 + Level 6.1 Short Blades
 + Level 6.1 Long Blades
 + Level 6.1 Axes
 + Level 6.1 Maces & Flails
 + Level 6.1 Polearms
 + Level 6.1 Staves
 + Level 6.1 Slings
 + Level 6.1 Bows
 + Level 6.1 Crossbows
 + Level 6.1 Throwing
 + Level 6.1 Armour
 + Level 7.7 Dodging
 + Level 6.1 Stealth
 + Level 6.1 Shields
 + Level 9.0 Unarmed Combat
 + Level 8.0 Spellcasting
 + Level 5.0 Conjurations
 + Level 5.0 Hexes
 + Level 5.0 Charms
 + Level 5.0 Summonings
 + Level 5.0 Necromancy
 + Level 5.0 Translocations
 + Level 6.4 Transmutations
 + Level 5.0 Fire Magic
 + Level 5.0 Ice Magic
 + Level 5.0 Air Magic
 + Level 5.0 Earth Magic
 + Level 5.0 Poison Magic
 + Level 6.6 Invocations
 + Level 6.1 Evocations


You had 10 spell levels left.
You knew the following spells:

 Your Spells              Type           Power        Failure   Level  Hunger
e - Beastly Appendage     Tmut           ######       16%         1    None
h - Blade Hands           Tmut           ######....   58%         5    ####...
i - Ice Form              Ice/Tmut       ######..     43%         4    ##.....
k - Sticks to Snakes      Tmut           ######..     19%         2    None
p - Spider Form           Tmut/Pois      ######....   26%         3    None
A - Apportation           Tloc           #####.       19%         1    None


Dungeon Overview and Level Annotations

Branches:
Dungeon (13/15)            Temple (0/1) D:7
   Lair: D:8-11         Orc: D:9-12      Vaults: D:13-14

Altars:
Cheibriados
Makhleb
Wu Jian
Xom

Shops:
D:7 !   D:11 [

Annotations:
D:3 Sigmund


Innate Abilities, Weirdness & Mutations

Your experience applies equally to all skills.
You have very sharp teeth.
Your uncanny sense of smell can sniff out nearby items.
You are partially covered in iridescent scales. (AC +2)
You are somewhat resistant to further mutation.
Your spells are a little harder to cast, but a little more powerful.


Message History

The two-headed ogre completely misses you.
Unknown command.
You bite the two-headed ogre!
You kill the two-headed ogre!
Cheibriados appreciates the change of pace.
Your Conjurations skill increases to level 5!
Your Hexes skill increases to level 5!
Your Charms skill increases to level 5!
Your Summonings skill increases to level 5!
Your Necromancy skill increases to level 5!
Your Translocations skill increases to level 5!
Your Fire Magic skill increases to level 5!
Your Ice Magic skill increases to level 5!
Your Air Magic skill increases to level 5!
Your Earth Magic skill increases to level 5!
Your Poison Magic skill increases to level 5!
You hit the wyvern skeleton but do no damage.
The wyvern skeleton is severely damaged.
The wyvern skeleton misses you.
You hit the wyvern skeleton.
The wyvern skeleton is almost destroyed.
The wyvern skeleton misses you.
You hit the wyvern skeleton.
The wyvern skeleton is almost destroyed.
The wyvern skeleton completely misses you.
You maul the wyvern skeleton!!
You destroy the wyvern skeleton!
Cheibriados appreciates the change of pace.
Your Spellcasting skill increases to level 8!
Things that are here:
a giant spiked club; a giant club
There is an open door, spattered with blood here.
You open the door.
There is an open door here.
Unknown command.
Your transformation has ended.
Your +0 dagger unmelds from your body.
Your +0 helmet unmelds from your body.
Your cursed -1 buckler unmelds from your body.
Your +1 robe of positive energy unmelds from your body.
You feel more protected from negative energy.
The yak bellows!
You close the door.
There is an open door, spattered with blood here.
Things that are here:
a giant spiked club; a giant club
There is an open door here.
You open the door.
There is an open door here.
There is a stone staircase leading down here.
You close the door.
You climb downwards.
There is a stone staircase leading up here.
Unknown command.
Found a stone staircase leading up.
Found a stone staircase leading down.
There is a stone staircase leading up here.
Unknown command.
You climb upwards.
A hippogriff comes into view.
You found an alarm trap!
Found 20 stones and 17 poisoned needles.
There is a stone staircase leading down here.
You see here 20 stones.
You open the door.
There is an open door here.
You open the door.
There is an open door here.
You open the door.
There is an open door here.
There is an open door here.
Found 7 gold pieces.
A two-headed ogre comes into view.
It is wielding a giant club and a dire flail.
The two-headed ogre shouts in stereo!
You hear a shout! x3
You see here 7 gold pieces.
Evoke which item? (* to show all) (? for menu, Esc to quit)
Okay, then.
You feel agile all of a sudden.
The two-headed ogre completely misses you.
You block the two-headed ogre's attack.
Unknown command.
Casting: Spider Form
Confirm with . or Enter, or press ? or * to list all spells.
Your hands turn into razor-sharp scythe blades.
Your +0 dagger melds into your body.
Your cursed -1 buckler melds into your body.
You are feeling hungry.
The two-headed ogre completely misses you.
The two-headed ogre hits you with a dire flail!
* * * LOW HITPOINT WARNING * * *
Unknown command.
You completely miss the two-headed ogre.
You bite the two-headed ogre, but do no damage.
The two-headed ogre hits you with a giant club!
* * * LOW HITPOINT WARNING * * *
The two-headed ogre completely misses you.
You slash the two-headed ogre!
The two-headed ogre is moderately wounded.
The two-headed ogre hits you with a giant club!
* * * LOW HITPOINT WARNING * * *
The two-headed ogre hits you with a dire flail!
You die...

##'### #.##
#..#
######.#####
#..........#
#..........#
#..........#
............#
##........@.#
#########O##
..# #.## ..
###


You could see a two-headed ogre.

Vanquished Creatures
  A hydra (D:11)
  4 two-headed ogres
  Psyche (D:10)
  2 gargoyles
  A troll (D:11)
  A hornet (D:10)
  The ghost of Shinoi the Chopper, an amateur DsGl (D:4)
  3 hippogriffs
  A spriggan (D:8)
  5 yaks (D:12)
  A shadow (D:11)
  A basilisk (D:11)
  A steam dragon (D:12)
  A hungry ghost (D:11)
  An ice beast (D:10)
  An orc warrior (D:11)
  An ogre (D:8)
  2 centaurs
  A big kobold (D:11)
  Blork the orc (D:4)
  2 wyvern skeletons
  3 wights (D:6)
  2 crimson imps
  A bullfrog zombie (D:11)
  A quasit (D:9)
  A centaur zombie (D:5)
  3 hounds
  A jelly (D:10)
  2 orc priests
  7 orc wizards
  3 iguanas
  A centaur skeleton (D:8)
  Jessica (D:2)
  Ijyb (D:4)
  5 worker ants
  4 gnolls (D:5)
  4 adders
  A shadow imp (D:10)
  An adder skeleton (D:6)
  2 worms
  A dart slug (D:1)
  2 leopard geckos
  28 orcs
  3 giant cockroaches
  8 goblins
  A hobgoblin (D:1)
  6 jackals
  3 kobolds
  2 quokkas
  2 bats (D:1)
  3 rats
136 creatures vanquished.

Vanquished Creatures (collateral kills)
  Edmund (D:5)
  A centaur skeleton (D:10)
  An iguana (D:11)
3 creatures vanquished.

Grand Total: 139 creatures vanquished

Notes
Turn   | Place    | Note
-------+----------+-------------------------------------------
     0 | D:1      | tidbits the Gnoll Transmuter began the quest for the Orb.
     0 | D:1      | Reached XP level 1. HP: 17/17 MP: 6/6
    75 | D:1      | Reached XP level 2. HP: 21/23 MP: 7/7
    79 | D:1      | Learned a level 2 spell: Sticks to Snakes
   158 | D:2      | Noticed Jessica
   219 | D:1      | Reached XP level 3. HP: 28/28 MP: 7/9
   224 | D:1      | Learned a level 3 spell: Spider Form
   230 | D:1      | Reached skill level 5 in Spellcasting
   307 | D:2      | Killed Jessica
   307 | D:2      | Reached skill level 1 in Invocations
   324 | D:2      | Reached skill level 1 in Short Blades
   324 | D:2      | Reached skill level 1 in Long Blades
   324 | D:2      | Reached skill level 1 in Axes
   324 | D:2      | Reached skill level 1 in Maces & Flails
   324 | D:2      | Reached skill level 1 in Polearms
   324 | D:2      | Reached skill level 1 in Staves
   324 | D:2      | Reached skill level 1 in Slings
   324 | D:2      | Reached skill level 1 in Bows
   324 | D:2      | Reached skill level 1 in Crossbows
   324 | D:2      | Reached skill level 1 in Throwing
   324 | D:2      | Reached skill level 1 in Armour
   324 | D:2      | Reached skill level 1 in Stealth
   324 | D:2      | Reached skill level 1 in Shields
   324 | D:2      | Reached skill level 1 in Evocations
   407 | D:2      | Reached XP level 4. HP: 31/34 MP: 6/11
   416 | D:2      | Learned a level 4 spell: Ice Form
   433 | D:3      | Noticed Sigmund
   556 | D:3      | Reached skill level 1 in Conjurations
   556 | D:3      | Reached skill level 1 in Hexes
   556 | D:3      | Reached skill level 1 in Charms
   556 | D:3      | Reached skill level 1 in Summonings
   556 | D:3      | Reached skill level 1 in Necromancy
   556 | D:3      | Reached skill level 1 in Translocations
   556 | D:3      | Reached skill level 1 in Fire Magic
   556 | D:3      | Reached skill level 1 in Ice Magic
   556 | D:3      | Reached skill level 1 in Air Magic
   556 | D:3      | Reached skill level 1 in Earth Magic
   556 | D:3      | Reached skill level 1 in Poison Magic
   624 | D:4      | Noticed Blork the orc
   628 | D:4      | Killed Blork the orc
   628 | D:4      | Reached skill level 3 in Fighting
   628 | D:4      | Reached skill level 4 in Transmutations
   628 | D:4      | Reached XP level 5. HP: 33/41 MP: 12/12
   675 | D:4      | Reached XP level 6. HP: 40/47 MP: 2/13
   721 | D:4      | Noticed Shinoi's ghost (amateur DsGl)
   728 | D:4      | Killed Shinoi's ghost
   728 | D:4      | Reached skill level 2 in Short Blades
   728 | D:4      | Reached skill level 2 in Long Blades
   728 | D:4      | Reached skill level 2 in Axes
   728 | D:4      | Reached skill level 2 in Maces & Flails
   728 | D:4      | Reached skill level 2 in Polearms
   728 | D:4      | Reached skill level 2 in Staves
   728 | D:4      | Reached skill level 2 in Slings
   728 | D:4      | Reached skill level 2 in Bows
   728 | D:4      | Reached skill level 2 in Crossbows
   728 | D:4      | Reached skill level 2 in Throwing
   728 | D:4      | Reached skill level 2 in Armour
   728 | D:4      | Reached skill level 5 in Dodging
   728 | D:4      | Reached skill level 2 in Stealth
   728 | D:4      | Reached skill level 2 in Shields
   728 | D:4      | Reached skill level 2 in Invocations
   728 | D:4      | Reached skill level 2 in Evocations
   779 | D:4      | Reached XP level 7. HP: 46/52 MP: 9/15
   800 | D:4      | Noticed Ijyb
   811 | D:4      | Killed Ijyb
   811 | D:4      | Reached skill level 7 in Unarmed Combat
   847 | D:5      | Entered Level 5 of the Dungeon
   919 | D:5      | Noticed Edmund
   936 | D:5      | Killed Edmund
   936 | D:5      | Reached skill level 2 in Conjurations
   936 | D:5      | Reached skill level 2 in Hexes
   936 | D:5      | Reached skill level 2 in Charms
   936 | D:5      | Reached skill level 2 in Summonings
   936 | D:5      | Reached skill level 2 in Necromancy
   936 | D:5      | Reached skill level 2 in Translocations
   936 | D:5      | Reached skill level 2 in Fire Magic
   936 | D:5      | Reached skill level 2 in Ice Magic
   936 | D:5      | Reached skill level 2 in Air Magic
   936 | D:5      | Reached skill level 2 in Earth Magic
   936 | D:5      | Reached skill level 2 in Poison Magic
  1098 | D:5      | Reached skill level 3 in Invocations
  1217 | D:5      | Found a snail-covered altar of Cheibriados.
  1227 | D:5      | Became a worshipper of Cheibriados the Contemplative
  1327 | D:6      | Learned a level 5 spell: Blade Hands
  1336 | D:6      | Reached XP level 8. HP: 60/60 MP: 2/16
  1350 | D:6      | Reached skill level 4 in Fighting
  1396 | D:6      | Reached skill level 3 in Short Blades
  1396 | D:6      | Reached skill level 3 in Long Blades
  1396 | D:6      | Reached skill level 3 in Axes
  1396 | D:6      | Reached skill level 3 in Maces & Flails
  1396 | D:6      | Reached skill level 3 in Polearms
  1396 | D:6      | Reached skill level 3 in Staves
  1396 | D:6      | Reached skill level 3 in Slings
  1396 | D:6      | Reached skill level 3 in Bows
  1396 | D:6      | Reached skill level 3 in Crossbows
  1396 | D:6      | Reached skill level 3 in Throwing
  1396 | D:6      | Reached skill level 3 in Armour
  1396 | D:6      | Reached skill level 3 in Stealth
  1396 | D:6      | Reached skill level 3 in Shields
  1396 | D:6      | Reached skill level 3 in Evocations
  1417 | D:6      | Learned a level 1 spell: Apportation
  1556 | D:7      | Found a flagged portal.
  1586 | D:7      | Found a snail-covered altar of Cheibriados.
  1614 | D:7      | Found Posei's Distillery.
  1629 | D:7      | Bought a potion of might for 44 gold pieces
  1629 | D:7      | Bought a potion of mutation for 88 gold pieces
  1629 | D:7      | Bought a potion of heal wounds for 55 gold pieces
  1629 | D:7      | Bought a potion of agility for 44 gold pieces
  1629 | D:7      | Gained mutation: You are partially covered in iridescent scales. (AC +2) [potion of mutation]
  1629 | D:7      | Gained mutation: You are somewhat resistant to further mutation. [potion of mutation]
  1629 | D:7      | Gained mutation: Your spells are a little harder to cast, but a little more powerful. [potion of mutation]
  1802 | D:8      | Found a shimmering altar of Xom.
  1802 | D:8      | Found a shimmering altar of Xom.
  1803 | D:8      | Found a shimmering altar of Xom.
  1803 | D:8      | Found a shimmering altar of Xom.
  1839 | D:8      | Reached skill level 6 in Spellcasting
  1901 | D:8      | Noticed a hippogriff
  1909 | D:8      | Killed a hippogriff
  1909 | D:8      | Reached * piety under Cheibriados
  1948 | D:8      | Found a shimmering altar of Xom.
  1948 | D:8      | Noticed a rime drake
  2040 | D:9      | Noticed a yak
  2111 | D:8      | Noticed a spriggan
  2152 | D:8      | Killed a spriggan
  2152 | D:8      | Reached skill level 3 in Conjurations
  2152 | D:8      | Reached skill level 3 in Hexes
  2152 | D:8      | Reached skill level 3 in Charms
  2152 | D:8      | Reached skill level 3 in Summonings
  2152 | D:8      | Reached skill level 3 in Necromancy
  2152 | D:8      | Reached skill level 3 in Translocations
  2152 | D:8      | Reached skill level 3 in Fire Magic
  2152 | D:8      | Reached skill level 3 in Ice Magic
  2152 | D:8      | Reached skill level 3 in Air Magic
  2152 | D:8      | Reached skill level 3 in Earth Magic
  2152 | D:8      | Reached skill level 3 in Poison Magic
  2152 | D:8      | Reached skill level 4 in Invocations
  2195 | D:8      | Found a burning altar of Makhleb.
  2206 | D:8      | Reached XP level 9. HP: 50/66 MP: 10/18
  2225 | D:10     | Entered Level 10 of the Dungeon
  2225 | D:10     | Noticed Psyche
  2229 | D:10     | Killed Psyche
  2229 | D:10     | Reached skill level 6 in Dodging
  2229 | D:10     | Reached skill level 5 in Transmutations
  2267 | D:9      | Reached skill level 4 in Short Blades
  2267 | D:9      | Reached skill level 4 in Long Blades
  2267 | D:9      | Reached skill level 4 in Axes
  2267 | D:9      | Reached skill level 4 in Maces & Flails
  2267 | D:9      | Reached skill level 4 in Polearms
  2267 | D:9      | Reached skill level 4 in Staves
  2267 | D:9      | Reached skill level 4 in Slings
  2267 | D:9      | Reached skill level 4 in Bows
  2267 | D:9      | Reached skill level 4 in Crossbows
  2267 | D:9      | Reached skill level 4 in Throwing
  2267 | D:9      | Reached skill level 4 in Armour
  2267 | D:9      | Reached skill level 4 in Stealth
  2267 | D:9      | Reached skill level 4 in Shields
  2267 | D:9      | Reached skill level 4 in Evocations
  2424 | D:10     | Noticed a two-headed ogre
  2429 | D:10     | Killed a two-headed ogre
  2429 | D:10     | Reached ** piety under Cheibriados
  2429 | D:10     | Reached skill level 5 in Fighting
  2429 | D:10     | Reached skill level 8 in Unarmed Combat
  2429 | D:10     | Reached skill level 5 in Invocations
  2480 | D:10     | Noticed a gargoyle
  2483 | D:10     | Killed a gargoyle
  2496 | D:10     | Noticed a hornet
  2502 | D:10     | Reached skill level 7 in Spellcasting
  2502 | D:10     | Reached XP level 10. HP: 68/74 MP: 15/20
  2517 | D:10     | Reached skill level 4 in Conjurations
  2517 | D:10     | Reached skill level 4 in Hexes
  2517 | D:10     | Reached skill level 4 in Charms
  2517 | D:10     | Reached skill level 4 in Summonings
  2517 | D:10     | Reached skill level 4 in Necromancy
  2517 | D:10     | Reached skill level 4 in Translocations
  2517 | D:10     | Reached skill level 4 in Fire Magic
  2517 | D:10     | Reached skill level 4 in Ice Magic
  2517 | D:10     | Reached skill level 4 in Air Magic
  2517 | D:10     | Reached skill level 4 in Earth Magic
  2517 | D:10     | Reached skill level 4 in Poison Magic
  2585 | D:11     | Noticed a gargoyle
  2644 | D:11     | Found Xeulix's Antique Armour Emporium.
  2713 | D:11     | Reached skill level 5 in Short Blades
  2713 | D:11     | Reached skill level 5 in Long Blades
  2713 | D:11     | Reached skill level 5 in Axes
  2713 | D:11     | Reached skill level 5 in Maces & Flails
  2713 | D:11     | Reached skill level 5 in Polearms
  2713 | D:11     | Reached skill level 5 in Staves
  2713 | D:11     | Reached skill level 5 in Slings
  2713 | D:11     | Reached skill level 5 in Bows
  2713 | D:11     | Reached skill level 5 in Crossbows
  2713 | D:11     | Reached skill level 5 in Throwing
  2713 | D:11     | Reached skill level 5 in Armour
  2713 | D:11     | Reached skill level 5 in Stealth
  2713 | D:11     | Reached skill level 5 in Shields
  2713 | D:11     | Reached skill level 5 in Evocations
  2755 | D:11     | Reached skill level 7 in Dodging
  2759 | D:11     | Found an ornate altar of the Wu Jian Council.
  2836 | D:11     | Noticed a two-headed ogre
  2845 | D:11     | Noticed a four-headed hydra
  2849 | D:11     | Killed a four-headed hydra
  2849 | D:11     | Reached skill level 6 in Fighting
  2861 | D:11     | Killed a two-headed ogre
  2861 | D:11     | Reached skill level 6 in Transmutations
  2861 | D:11     | Reached skill level 6 in Invocations
  2869 | D:11     | Killed a gargoyle
  2904 | D:12     | Noticed a kobold demonologist
  2906 | D:12     | Noticed a rust devil
  2913 | D:12     | Reached *** piety under Cheibriados
  2913 | D:12     | Reached XP level 11. HP: 53/82 MP: 13/22
  2924 | D:12     | Noticed a two-headed ogre
  2929 | D:12     | Noticed a two-headed ogre
  2936 | D:12     | Killed a two-headed ogre
  2936 | D:12     | Reached skill level 9 in Unarmed Combat
  2951 | D:12     | Reached skill level 6 in Short Blades
  2951 | D:12     | Reached skill level 6 in Long Blades
  2951 | D:12     | Reached skill level 6 in Axes
  2951 | D:12     | Reached skill level 6 in Maces & Flails
  2951 | D:12     | Reached skill level 6 in Polearms
  2951 | D:12     | Reached skill level 6 in Staves
  2951 | D:12     | Reached skill level 6 in Slings
  2951 | D:12     | Reached skill level 6 in Bows
  2951 | D:12     | Reached skill level 6 in Crossbows
  2951 | D:12     | Reached skill level 6 in Throwing
  2951 | D:12     | Reached skill level 6 in Armour
  2951 | D:12     | Reached skill level 6 in Stealth
  2951 | D:12     | Reached skill level 6 in Shields
  2951 | D:12     | Reached skill level 6 in Evocations
  2987 | D:12     | Killed a two-headed ogre
  2987 | D:12     | Reached skill level 5 in Conjurations
  2987 | D:12     | Reached skill level 5 in Hexes
  2987 | D:12     | Reached skill level 5 in Charms
  2987 | D:12     | Reached skill level 5 in Summonings
  2987 | D:12     | Reached skill level 5 in Necromancy
  2987 | D:12     | Reached skill level 5 in Translocations
  2987 | D:12     | Reached skill level 5 in Fire Magic
  2987 | D:12     | Reached skill level 5 in Ice Magic
  2987 | D:12     | Reached skill level 5 in Air Magic
  2987 | D:12     | Reached skill level 5 in Earth Magic
  2987 | D:12     | Reached skill level 5 in Poison Magic
  2991 | D:12     | Reached skill level 8 in Spellcasting
  3064 | D:12     | Noticed a two-headed ogre
  3068 | D:12     | Slain by a two-headed ogre

Skill      XL: |  1  2  3  4  5  6  7  8  9 10 11 |
---------------+----------------------------------+-----
Spellcasting   | 5 6 7 8 |  8.0
Invocations    | 1 2 3 4 5 6 |  6.6
Short Blades   | 1 2 3 4 5 6 |  6.1
Long Blades    | 1 2 3 4 5 6 |  6.1
Axes           | 1 2 3 4 5 6 |  6.1
Maces & Flails | 1 2 3 4 5 6 |  6.1
Polearms       | 1 2 3 4 5 6 |  6.1
Staves         | 1 2 3 4 5 6 |  6.1
Slings         | 1 2 3 4 5 6 |  6.1
Bows           | 1 2 3 4 5 6 |  6.1
Crossbows      | 1 2 3 4 5 6 |  6.1
Throwing       | 1 2 3 4 5 6 |  6.1
Armour         | 1 2 3 4 5 6 |  6.1
Stealth        | 1 2 3 4 5 6 |  6.1
Shields        | 1 2 3 4 5 6 |  6.1
Evocations     | 1 2 3 4 5 6 |  6.1
Conjurations   | 1 2 3 4 5 |  5.0
Hexes          | 1 2 3 4 5 |  5.0
Charms         | 1 2 3 4 5 |  5.0
Summonings     | 1 2 3 4 5 |  5.0
Necromancy     | 1 2 3 4 5 |  5.0
Translocations | 1 2 3 4 5 |  5.0
Fire Magic     | 1 2 3 4 5 |  5.0
Ice Magic      | 1 2 3 4 5 |  5.0
Air Magic      | 1 2 3 4 5 |  5.0
Earth Magic    | 1 2 3 4 5 |  5.0
Poison Magic   | 1 2 3 4 5 |  5.0
Fighting       | 3 4 5 6 |  6.6
Transmutations | 4 5 6 |  6.4
Dodging        | 5 6 7 |  7.7
Unarmed Combat | 7 8 9 |  9.0

Action                   |  1- 3 |  4- 6 |  7- 9 | 10-12 || total
-------------------------+-------+-------+-------+-------++-------
Melee: Unarmed           |    44 |    37 |   157 |    76 ||   314
       Headbutt          |     4 |       |       |       ||     4
       Bite              |     1 |       |       |     1 ||     2
       Dagger            |       |       |     2 |     4 ||     6
Throw: Stone             |       |       |     2 |       ||     2
       Tomahawk          |       |       |     2 |     4 ||     6
 Cast: Beastly Appendage |     7 |     1 |       |       ||     8
       Spider Form       |     5 |     7 |    11 |     2 ||    25
       Sticks to Snakes  |     1 |     6 |    19 |    11 ||    37
       Ice Form          |       |       |    16 |     6 ||    22
       Apportation       |       |       |    20 |     8 ||    28
       Blade Hands       |       |       |       |     1 ||     1
Invok: Bend Time         |       |       |       |     2 ||     2
 Abil: End Transformatio |       |       |     5 |     6 ||    11
Evoke: Wand              |       |    12 |    15 |    13 ||    40
  Use: Scroll            |       |     2 |    10 |     3 ||    15
       Potion            |       |       |     1 |     3 ||     4
 Stab: Sleeping          |     2 |       |     4 |     5 ||    11
       Distracted        |       |       |     1 |     1 ||     2
  Eat: Chunk             |       |       |     5 |     2 ||     7
       Ration            |       |       |     1 |       ||     1
Armor: Robe              |     3 |       |       |     3 ||     6
       Skin              |     1 |       |    13 |    12 ||    26
Dodge: Dodged            |    28 |    28 |   110 |    57 ||   223
Block: Buckler           |       |       |       |     1 ||     1

Table legend:
 A = Turns spent in this place as a percentage of turns spent in the entire game.
 B = Non-inter-level travel turns spent in this place as a percentage of non-inter-level travel turns spent in the entire game.
 C = Inter-level travel turns spent in this place as a percentage of turns spent in this place.
 D = Turns resting spent in this place as a percentage of non-inter-level travel turns spent in this place.
 E = Turns spent auto-exploring this place as a percentage of non-inter-level travel turns spent in this place.
 F = Non-inter-level travel turns spent in this place divided by the number of levels of this place that you've seen.
                   A       B       C       D       E      F
               +-------+-------+-------+-------+-------+----------------------
         Total | 100.0 | 100.0 |   1.2 |   0.0 |   0.0 | 233.2
       Dungeon | 100.0 | 100.0 |   1.2 |   0.0 |   0.0 | 233.2
               +-------+-------+-------+-------+-------+----------------------

Table legend:
 A = Kills in this place as a percentage of kills in entire the game.
 B = Kills by you in this place as a percentage of kills by you in the entire game.
 C = Kills by friends in this place as a percentage of kills by friends in the entire game.
 D = Other kills in this place as a percentage of other kills in the entire game.
 E = Experience gained in this place as a percentage of experience gained in the entire game.
 F = Experience gained in this place divided by the number of levels of this place that you have seen.
                   A       B       C       D       E      F
               +-------+-------+-------+-------+-------+----------------------
         Total | 100.0 | 100.0 | 100.0 |   N/A | 100.0 | 934.2
       Dungeon | 100.0 | 100.0 | 100.0 |   N/A | 100.0 | 934.2
               +-------+-------+-------+-------+-------+----------------------

Vault maps used:
D:1:      zelgadis_glass_arrival_small, nemelex_diamond_rough_becter
D:2:      kiku_gazebo_pond_becter, minmay_strange_pillars, uniq_terence,
          uniq_natasha, uniq_jessica, uniq_robin
D:3:      nicolae_tso_carved_into_rock, marbit_many_paths,
          hangedman_feature_mirror, uniq_sigmund
D:4:      kennysheep_mini_moat, fedhas_altar_4, first_ration,
          uniq_blork_the_orc, uniq_ijyb
D:5:      slow_altar_2, uniq_edmund
D:6:      yredelemnul_forgotten_temple_becter, kennysheep_mini,
          kennysheep_generic_room_6
D:7:      minmay_temple_entry_from_below_b, serial_shops, nicolae_shop_crystal,
          enter_bailey_2, basic_altar
D:8:      xom_shifter_show, basic_altar, grunt_pizzeria, serial_bayou_pond_a
D:10:     dpeg_oklobed_lair, uniq_psyche
D:11:     serial_shops, shop, basic_altar
D:12:     zombieorc2_lemuel
D:13:     grunt_vaults_entry_tiered, lightli_fourway_metalbox
